Map: Altitude LE

Players

BenJahman

  • Race: Zerg Zerg
  • Spawn Location: 7:00

king - Winner!

  • Race: Terran Terran
  • Spawn Location: 1:00

VOD

Have the link to the VOD?

Description

Time

  • Played on: Feb. 12, 2023, 9:07 a.m.
  • Length: 9:14
Show
View Real Time Build Order
Export as new Build Order

BenJahman Zerg 

Build Orders: Hatch First 

Get SALT Encoding   

  12  0:01  Drone  
  13  0:12  Overlord  
  13  0:17  Drone  
  14  0:44  Hatchery  
  13  0:50  Drone  
  13  0:51  Drone  
  13  0:55  Drone  
  16  1:02  Extractor, Drone  
  16  1:13  Drone  
  17  1:19  Spawning Pool  
  17  1:23  Drone  
  17  1:34  Drone  
  18  1:45  Drone  
  19  1:57  Drone  
  19  1:59  Overlord  
  20  2:08  Queen x2  
  20  2:11  Metabolic Boost  
  24  2:16  Zergling x2  
  24  2:18  Zergling x2  
  26  2:24  Drone x2  
  26  2:28  Drone  
  29  2:31  Drone  
  30  2:38  Drone  
  30  2:42  Drone  
  32  2:51  Zergling x4  
  34  3:00  Overlord  
  34  3:15  Zergling x2  
  34  3:16  Zergling x2  
  36  3:21  Zergling x2  
  36  3:22  Zergling x12  
  43  3:30  Overlord  
  43  3:31  Drone  
  43  3:55  Zergling x6  
  45  3:56  Drone x5  
  51  4:12  Hatchery  
  50  4:17  Drone x2  
  50  4:21  Extractor  
  50  4:22  Extractor  
  52  4:27  Overlord x2  
  52  4:32  Lair  
  50  4:54  Drone x8  
  58  5:03  Extractor  
  57  5:08  Baneling Nest  
  56  5:18  Drone x3  
  59  5:31  Overseer  
  59  5:46  Spire  
  59  5:47  Drone  
  59  5:48  Drone x12  
  71  6:08  Drone x3  
  71  6:10  Extractor  
  73  6:12  Overlord x2  
  73  6:13  Overlord  
  73  6:20  Drone  
  74  6:30  Queen  
  58  7:04  Zergling x4  
  58  7:05  Zergling x26  
  56  7:19  Zergling x2  
  56  7:21  Centrifugal Hooks  
  57  7:32  Mutalisk x4  
  65  7:37  Baneling x3  
  65  8:03  Overlord x3  
  65  8:21  Queen x3  
  71  8:38  Zergling x2  
  71  8:39  Zergling x6  
  75  8:44  Baneling x13  
  75  8:46  Baneling  
  75  8:47  Baneling x8  
Show
View Real Time Build Order
Export as new Build Order

king Terran - Winner!

Build Orders:  

Get SALT Encoding   

  12  0:01  SCV  
  13  0:14  SCV  
  14  0:20  Supply Depot  
  14  0:26  SCV  
  15  0:44  Barracks  
  15  0:48  SCV  
  16  0:53  Refinery  
  16  1:00  SCV  
  17  1:12  SCV  
  18  1:24  SCV  
  19  1:32  Marine  
  19  1:38  Command Center  
  20  1:43  SCV  
  21  1:47  Refinery  
  21  1:55  SCV  
  21  1:58  Marine, Supply Depot  
  23  2:09  Barracks  
  23  2:20  SCV  
  24  2:32  SCV  
  24  2:33  Factory  
  25  2:47  Orbital Command, Supply Depot  
  25  2:57  Barracks Tech Lab  
  25  2:59  Barracks Reactor  
  25  3:16  SCV x2  
  25  3:19  Stimpack  
  27  3:27  Factory Reactor, Starport  
  27  3:30  SCV  
  27  3:33  SCV  
  29  3:42  SCV  
  29  3:50  Marine x2  
  29  3:51  Marine  
  29  3:54  SCV  
  27  4:08  Marine x3  
  30  4:18  Factory Tech Lab  
  30  4:26  Marine x3  
  33  4:34  Supply Depot  
  33  4:39  Medivac  
  33  4:43  Medivac  
  33  4:44  Marine x3  
  40  4:55  Siege Tank  
  43  5:01  Marine, Combat Shield  
  43  5:02  Marine  
  43  5:05  Marine  
  46  5:13  Orbital Command  
  46  5:38  Medivac x2  
  46  5:39  Marine x3  
  53  5:45  SCV  
  55  5:57  SCV  
  55  6:08  Command Center  
  55  6:09  SCV  
  56  6:13  Marine x2  
  56  6:14  Marine  
  59  6:21  SCV  
  60  6:33  SCV  
  61  6:45  SCV  
  62  6:59  Marine  
  62  7:00  Marine x2  
  62  7:01  Supply Depot  
  62  7:02  Supply Depot  
  62  7:06  Refinery  
  62  7:19  Marine, Medivac x2  
  62  7:20  SCV  
  68  7:32  SCV  
  69  7:38  Siege Tank  
  69  7:44  SCV  
  73  7:56  SCV  
  73  7:57  Engineering Bay x2, Supply Depot  
  73  7:58  Supply Depot  
  74  7:59  Refinery  
  74  8:02  SCV  
  75  8:08  SCV  
  76  8:14  SCV  
  77  8:20  SCV  
  77  8:27  Marine x2, Marauder  
  80  8:28  Medivac  
  80  8:29  Medivac  
  86  8:42  Orbital Command, Barracks x2  
  86  8:44  Marine  
  86  8:45  Marine, SCV x2  
  92  8:48  Marauder  
  92  8:55  Refinery  
  92  8:57  SCV x2  
Tags
 
Matchup
TvZ
Spawn Locations
Cross Positions
Add a new tag
Caveats
  • Supply blocks, unpowered buildings, or Contaminate may cause inaccurate times.
  • Supply counts are checked every 10 seconds.